 Dungeon Crawl Stone Soup version 0.23.2-40-g277498a001 (webtiles) character file.

Game seed: 11066926893831793515

914 Kikorro the Cudgeler (level 7, -8/61 HPs)
             Began as a Minotaur Fighter on Sept 22, 2019.
             Was a Follower of Makhleb.
             Mangled by an ogre
             ... wielding a +0 giant club
              (9 damage)
             ... on level 5 of the Dungeon.
             The game lasted 00:10:11 (4102 turns).

Kikorro the Cudgeler (Minotaur Fighter)             Turns: 4102, Time: 00:10:11

Health: -8/61      AC:  7    Str: 23    XL:     7   Next: 82%
Magic:  6/6        EV:  8    Int:  5    God:    Makhleb [*.....]
Gold:   340        SH: 10    Dex:  9    Spells: 6/6 levels left

rFire    . . .     SeeInvis .   a - +0 flail
rCold    . . .     Gourm    .   c - +0 shield
rNeg     . . .     Faith    .   b - +0 scale mail
rPois    .         Spirit   .   (helmet restricted)
rElec    .         Reflect  .   (no cloak)
rCorr    .         Harm     .   (no gloves)
MR       .....                  (no boots)
Stlth    ..........             (no amulet)
HPRegen  0.20/turn              (no ring)
MPRegen  0.10/turn              (no ring)

@: drained
A: retaliatory headbutt, horns 2
a: Renounce Religion


You were on level 5 of the Dungeon.
You worshipped Makhleb.
Makhleb was aware of your devotion.
You were not hungry.

You visited 1 branch of the dungeon, and saw 5 of its levels.

You collected 340 gold pieces.

Inventory:

Hand Weapons
 a - a +0 flail (weapon)
Armour
 b - a +0 scale mail (worn)
 c - a +0 shield (worn)
Wands
 u - a wand of flame (21)
Scrolls
 k - 3 scrolls of magic mapping
 m - a scroll of noise {unknown}
 n - a scroll of immolation {unknown}
 q - 4 scrolls of enchant weapon
 r - a scroll of fog {unknown}
 s - a scroll of enchant armour {unknown}
 t - 2 scrolls of remove curse {unknown}
Potions
 d - a potion of might
 e - 4 potions of heal wounds
 g - a potion of berserk rage
 h - 3 potions of curing {unknown}
 i - a potion of lignification {unknown}
 j - a potion of haste {unknown}
 l - a potion of mutation {unknown}
 o - 3 potions of degeneration {unknown}
 p - a potion of resistance {unknown}
Comestibles
 f - 13 rations
 v - a chunk of flesh


   Skills:
 + Level 5.4(4.4) Fighting
 + Level 7.3(6.2) Maces & Flails
 + Level 5.7(4.7) Armour
 + Level 2.0(1.0) Dodging
 + Level 0.2(0.0) Stealth
 + Level 6.0(4.9) Shields


You had 6 spell levels left.
You didn't know any spells.
Your spell library was empty.

Dungeon Overview and Level Annotations

Branches:
Dungeon (5/15)             Temple (0/1) D:4

Altars:
Makhleb


Innate Abilities, Weirdness & Mutations

You reflexively headbutt those who attack you in melee.
You have a pair of horns on your head.


Message History

The ogre is lightly wounded.
You barely miss the ogre.
The ogre is lightly wounded.
The ogre hits you with a +0 giant club!
* * * LOW HITPOINT WARNING * * *
The crimson imp blinks!
Welcome back, Kikorro the Minotaur Fighter.
Blood and souls for Makhleb!
Press ? for a list of commands and other information.
You hit the ogre.
The ogre is moderately wounded.
The ogre barely misses you.
You sock the ogre! You headbutt the ogre.
The ogre is almost dead.
The ogre hits you with a +0 giant club!
* * * LOW HITPOINT WARNING * * *
You hit the ogre but do no damage.
The ogre is almost dead.
The ogre hits you with a +0 giant club!
You die...

#.# #.##.#.# #.#
#.##.#.#
#.####.##.#.#
#......##.#.##
#############.#...
#.................
#.##########.####.
#รท#....#........#.
#@#[......#...#.#.
#O#######.#...#.#.
#.#.......#.#.....
##
###.#.###.......#...
... #.5.#.#
#.###.#.#### ....
#...#.# #.# #.#.....
..... #...#.# #.#
#.######
......########...#.#
#.# #.#
.......5.........#.#
#.# #.#


You could see an ogre and a crimson imp.

Vanquished Creatures
  A centaur (D:5)
  A gnoll sergeant (D:5)
  4 wights (D:4)
  An orc priest (D:4)
  A hound (D:2)
  2 jellies (D:5)
  2 orc wizards (D:4)
  4 worker ants
  13 adders
  11 gnolls
  2 oozes (D:1)
  6 worms
  4 dart slugs
  3 orcs (D:4)
  5 giant cockroaches
  10 goblins
  5 hobgoblins
  7 jackals
  8 kobolds
  A quokka (D:2)
  A ball python (D:1)
  9 bats
  4 frilled lizards
  A quokka skeleton (D:5)
  10 rats
116 creatures vanquished.

Notes
Turn   | Place    | Note
-------+----------+-------------------------------------------
     0 | D:1      | Kikorro the Minotaur Fighter began the quest for the Orb.
     0 | D:1      | Reached XP level 1. HP: 19/19 MP: 0/0
    73 | D:1      | Reached XP level 2. HP: 26/27 MP: 1/1
   186 | D:1      | Reached XP level 3. HP: 29/33 MP: 2/2
   300 | D:1      | Reached skill level 3 in Maces & Flails
   753 | D:2      | Reached XP level 4. HP: 40/40 MP: 3/3
  1035 | D:2      | Reached skill level 4 in Maces & Flails
  1046 | D:2      | Reached XP level 5. HP: 47/47 MP: 4/4
  1092 | D:2      | Found a burning altar of Makhleb.
  1098 | D:2      | Became a worshipper of Makhleb the Destroyer
  1228 | D:3      | Reached skill level 5 in Maces & Flails
  1945 | D:4      | Reached XP level 6. HP: 32/53 MP: 5/5
  2220 | D:4      | Reached skill level 5 in Shields
  2291 | D:4      | Reached * piety under Makhleb
  2566 | D:4      | Reached skill level 6 in Maces & Flails
  2566 | D:4      | Reached skill level 1 in Dodging
  2881 | D:4      | Reached skill level 5 in Armour
  2884 | D:4      | Reached skill level 5 in Fighting
  2884 | D:4      | Reached XP level 7. HP: 34/61 MP: 6/6
  3111 | D:4      | Found a staircase to the Ecumenical Temple.
  3335 | D:5      | Entered Level 5 of the Dungeon
  3587 | D:5      | Reached skill level 7 in Maces & Flails
  4101 | D:5      | HP: 1/61 [ogre/+0 giant club (16)]
  4102 | D:5      | Mangled by an ogre

Skill      XL: |  1  2  3  4  5  6  7 |
---------------+----------------------+-----
Armour         | 4 5 |  5.7
Shields        | 4 5 6 |  6.0
Fighting       | 4 5 |  5.4
Maces & Flails | 3 4 5 6 7 |  7.3
Dodging        | 1 2 |  2.0
Stealth        | |  0.2

Action                   |  1- 3 |  4- 6 |  7- 9 || total
-------------------------+-------+-------+-------++-------
Melee: Flail             |   101 |   190 |    75 ||   366
       Headbutt          |    15 |    26 |    14 ||    55
  Use: Scroll            |       |     4 |       ||     4
  Eat: Chunk             |       |     7 |     4 ||    11
Armor: Scale mail        |    37 |    83 |    14 ||   134
Dodge: Dodged            |    30 |    65 |    20 ||   115
Block: Shield            |    64 |   117 |    26 ||   207
